Map: Terrasses de Prion

Players

Borodka

  • Race: Protoss Protoss
  • League: Gold
  • Spawn Location: 5:00

zidar - Winner!

  • Race: Zerg Zerg
  • League: Gold
  • Spawn Location: 11:00

VOD

Have the link to the VOD?

Description

Time

  • Played on: May 21, 2016, 2:35 p.m.
  • Length: 12:27
Show
View Real Time Build Order
Export as new Build Order

Borodka Protoss 

Build Orders:  

Get SALT Encoding   

  12  0:01  Probe (Chrono Boost)  
  13  0:18  Probe (Chrono Boost)  
  13  0:19  Pylon  
  14  0:29  Probe (Chrono Boost)  
  15  0:40  Gateway  
  15  0:45  Probe (Chrono Boost)  
  16  1:00  Gateway  
  16  1:03  Pylon  
  17  1:11  Probe (Chrono Boost)  
  17  1:22  Probe (Chrono Boost), Pylon  
  18  1:56  Nexus  
  18  2:07  Cybernetics Core  
  18  2:15  Assimilator  
  18  2:18  Probe (Chrono Boost), Assimilator  
  19  2:25  Pylon  
  19  2:28  Probe (Chrono Boost)  
  20  2:31  Pylon  
  20  2:38  Zealot (Chrono Boost)  
  22  3:04  Warp Gate (Chrono Boost)  
  22  3:09  Gateway  
  22  3:15  Probe x2 (Chrono Boost)  
  24  3:31  Mothership Core (Chrono Boost)  
  26  3:43  Pylon  
  26  3:44  Probe (Chrono Boost)  
  27  3:50  Probe (Chrono Boost)  
  27  3:54  Probe (Chrono Boost)  
  27  4:02  Probe (Chrono Boost)  
  27  4:03  Pylon  
  27  4:05  Probe (Chrono Boost)  
  27  4:12  Adept x2  
  29  4:20  Probe (Chrono Boost)  
  29  4:22  Probe (Chrono Boost)  
  30  4:31  Probe (Chrono Boost)  
  31  4:34  Probe (Chrono Boost)  
  32  4:41  Probe (Chrono Boost)  
  34  4:46  Probe (Chrono Boost)  
  34  4:52  Probe (Chrono Boost)  
  35  4:58  Probe (Chrono Boost)  
  42  5:02  Probe (Chrono Boost)  
  37  5:10  Probe (Chrono Boost)  
  37  5:13  Probe (Chrono Boost)  
  39  5:17  Gateway  
  39  5:18  Gateway  
  39  5:20  Gateway  
  40  5:22  Probe (Chrono Boost)  
  40  5:24  Probe (Chrono Boost), Twilight Council  
  40  5:27  Stalker, Pylon  
  43  5:34  Probe (Chrono Boost)  
  43  5:35  Probe (Chrono Boost)  
  45  5:37  Adept x2  
  49  5:47  Probe (Chrono Boost)  
  50  5:51  Probe (Chrono Boost)  
  51  5:59  Probe (Chrono Boost)  
  51  6:01  Probe (Chrono Boost), Pylon  
  53  6:04  Stalker x3  
  53  6:06  Assimilator  
  53  6:08  Assimilator  
  53  6:10  Blink (Chrono Boost)  
  59  6:16  Stalker  
  61  6:57  Nexus  
  61  7:01  Pylon  
  61  7:02  Probe x2, Pylon  
  63  7:14  Probe  
  64  7:19  Stalker x2  
  64  7:20  Stalker x4  
  76  7:28  Gateway  
  76  7:29  Gateway  
  76  7:34  Gateway, Probe x2 (Chrono Boost)  
  76  7:36  Gateway  
  78  7:38  Pylon  
  78  7:41  Pylon  
  78  7:44  Pylon  
  78  7:46  Probe (Chrono Boost)  
  78  7:48  Probe (Chrono Boost)  
  78  7:49  Stalker x3  
  87  8:00  Probe (Chrono Boost)  
  87  8:07  Probe (Chrono Boost)  
  87  8:12  Probe (Chrono Boost)  
  89  8:17  Probe (Chrono Boost)  
  90  8:27  Pylon  
  90  8:28  Pylon  
  90  8:31  Probe x2 (Chrono Boost)  
  90  8:32  Probe (Chrono Boost)  
  93  8:34  Stalker x5  
  93  8:35  Stalker  
  105  8:51  Probe (Chrono Boost)  
  105  8:52  Probe (Chrono Boost)  
  108  8:55  Assimilator  
  108  8:59  Assimilator  
  108  9:01  Probe (Chrono Boost)  
  108  9:10  Templar Archives  
  108  9:16  Forge  
  108  9:19  Forge  
  108  9:21  Robotics Facility  
  108  9:30  Gateway  
  108  9:33  Gateway  
  108  9:34  Gateway  
  108  9:36  Gateway  
  108  9:38  Gateway  
  108  9:41  Probe x2 (Chrono Boost), Protoss Ground Armor Level 1 (Chrono Boost)  
  108  9:42  Probe (Chrono Boost)  
  111  9:51  Psionic Storm, Probe (Chrono Boost), Protoss Ground Weapons Level 1 (Chrono Boost)  
  111  9:52  Pylon  
  112  9:54  Pylon  
  112  9:57  Pylon  
  104  10:30  High Templar x7  
  104  10:31  High Templar  
  104  10:34  Archon x4  
  117  10:39  High Templar  
  117  10:41  Zealot x2  
  117  10:42  Zealot  
  110  10:50  Probe  
  110  10:51  Probe  
  110  10:52  Probe  
  113  11:03  Probe  
  80  11:24  Probe  
  80  11:25  Probe, Assimilator  
  81  11:26  Probe  
  83  11:35  Probe  
  83  11:36  Stalker x2  
  83  11:37  Probe, Stalker x2  
  93  11:52  Observer (Chrono Boost)  
  94  11:54  High Templar x2  
  94  11:55  High Templar  
  94  11:57  High Templar  
  94  11:58  Archon  
  102  12:01  Archon  
Show
View Real Time Build Order
Export as new Build Order

zidar Zerg - Winner!

Build Orders: Pool First 

Get SALT Encoding   

  12  0:01  Drone  
  13  0:12  Overlord  
  13  0:18  Drone  
  14  0:30  Drone  
  14  0:31  Drone  
  16  0:37  Drone  
  17  0:47  Spawning Pool  
  17  0:49  Drone  
  17  1:10  Evolution Chamber  
  16  1:31  Hatchery  
  15  1:34  Zergling x4  
  15  1:35  Zergling x2  
  18  1:50  Extractor  
  17  2:00  Drone x2  
  19  2:05  Queen  
  19  2:08  Zergling x2  
  22  2:18  Overlord  
  22  2:32  Hatchery  
  22  2:34  Drone  
  22  2:50  Queen  
  24  2:55  Drone  
  25  3:03  Drone x2  
  27  3:12  Metabolic Boost  
  27  3:21  Drone  
  27  3:24  Drone x2  
  30  3:49  Queen  
  28  4:23  Lair  
  27  4:25  Drone x10  
  37  4:34  Zergling x6  
  40  4:51  Roach Warren  
  39  4:53  Zerg Ground Armor Level 1  
  39  4:59  Zergling x4  
  39  6:00  Roach  
  39  6:01  Overlord  
  39  6:02  Overlord x5  
  39  6:03  Overlord  
  39  6:04  Overlord x2  
  41  6:16  Hydralisk Den  
  40  6:18  Extractor  
  40  6:19  Drone x2  
  40  6:21  Drone x7  
  48  6:30  Extractor  
  47  6:33  Extractor  
  46  6:46  Roach x2  
  46  6:47  Roach x7  
  63  7:06  Drone x6  
  63  7:07  Drone x5  
  74  7:23  Extractor  
  74  7:28  Extractor  
  72  7:30  Hydralisk x3  
  78  7:50  Zergling x24  
  90  8:00  Roach  
  90  8:01  Roach x2, Hydralisk x2  
  100  8:10  Overlord  
  100  8:11  Overlord  
  100  8:14  Zerg Melee Weapons Level 1  
  100  8:21  Evolution Chamber  
  100  8:24  Pneumatized Carapace  
  99  8:30  Hydralisk x5  
  99  8:32  Zergling x2  
  99  8:33  Zergling x8  
  114  9:06  Overseer  
  114  9:18  Hydralisk x7  
  128  9:34  Infestation Pit  
  128  9:37  Hydralisk  
  129  9:42  Muscular Augments  
  128  10:30  Hatchery  
  120  10:52  Hydralisk x5  
  120  10:56  Overlord  
  130  10:57  Overlord x6  
  130  10:58  Overlord x2  
  127  11:30  Roach Warren  
  126  11:33  Hydralisk x7  
  126  11:34  Hydralisk x16  
Tags
 
Add a new tag
Caveats
  • Supply blocks, unpowered buildings, or Contaminate may cause inaccurate times.
  • Supply counts are checked every 10 seconds.